EVO
CLEMSON UNIVERSITY TIGERS @ UNIVERSITY OF MICHIGAN WOLVERINES
11/15/2045
 
TOP OF THE 1ST
Vanderbilt University Commodores batting - Pitching for University of South Carolina Gamecocks : RHP Tim Tucker
Pitching: RHP Tim Tucker
Batting: LHB Cesar Arteaga 0-0: Ball
1-0: Ball
2-0: Ball
3-0: Called Strike
3-1: Base on Balls
Batting: LHB Kenny Gerrity 0-0: Called Strike
0-1: Ball
1-1: Ball
2-1: Ball
3-1: Grounds into double play, 6-4-3 (Groundball, 6, EV 83.1 MPH)
Batting: LHB Dave Reyes 0-0: Ball
1-0: Ball
2-0: Ball
3-0: Called Strike
3-1: Ground out 4-3 (Groundball, 4, EV 80.0 MPH)
Top of the 1st over - 0 runs, 0 hits, 0 errors, 0 left on base; Vanderbilt University 0 - University of South Carolina 0
BOTTOM OF THE 1ST
University of South Carolina Gamecocks batting - Pitching for Vanderbilt University Commodores : RHP Joe Bradford
Pitching: RHP Joe Bradford
Batting: RHB Lucan Esini 0-0: Ball
1-0: Ball
2-0: Swinging Strike
2-1: Fly out, F9 (Flyball, 89S, EV 86.3 MPH)
Batting: RHB Scott Dove 0-0: Called Strike
0-1: Ground out 5-3 (Groundball, 56, EV 99.4 MPH)
Batting: RHB John Paredes 0-0: Swinging Strike
0-1: Swinging Strike
0-2: Ball
1-2: Strikes out swinging
Bottom of the 1st over - 0 runs, 0 hits, 0 errors, 0 left on base; Vanderbilt University 0 - University of South Carolina 0
TOP OF THE 2ND
Vanderbilt University Commodores batting - Pitching for University of South Carolina Gamecocks : RHP Tim Tucker
Batting: RHB Dieter Knoops 0-0: SOLO HOME RUN (Line Drive, 89XD, EV 99.4 MPH), Distance : 425 ft
Batting: LHB Justin Moore 0-0: Ball
1-0: Foul Ball, location: 2F
1-1: Ball
2-1: Called Strike
2-2: Ball
3-2: SOLO HOME RUN (Flyball, 9D, EV 88.1 MPH), Distance : 363 ft
Batting: RHB Antonio Santos 0-0: Foul Ball, location: 2F
0-1: Foul Ball, location: 2F
0-2: Ball
1-2: Strikes out swinging
Batting: RHB Moritake Fukumoto 0-0: Ball
1-0: Ball
2-0: Swinging Strike
2-1: Ball
3-1: Called Strike
3-2: Foul Ball, location: 2F
3-2: Base on Balls
Batting: LHB Mike Thomas 0-0: Foul Ball, location: 2F
0-1: Swinging Strike
0-2: Ball
1-2: Ball
2-2: Foul Ball, location: 2F
2-2: Foul Ball, location: 2F
2-2: Foul Ball, location: 2F
2-2: Ball
3-2: Foul Ball, location: 2F
3-2: Strikes out swinging
Batting: RHB Joe Bradford 0-0: Ball
1-0: Called Strike
1-1: Swinging Strike
1-2: Foul Ball, location: 2F
1-2: Strikes out looking
Top of the 2nd over - 2 runs, 2 hits, 0 errors, 1 left on base; Vanderbilt University 2 - University of South Carolina 0
BOTTOM OF THE 2ND
University of South Carolina Gamecocks batting - Pitching for Vanderbilt University Commodores : RHP Joe Bradford
Batting: RHB Billy Grubbs 0-0: Ball
1-0: Ball
2-0: Ball
3-0: Called Strike
3-1: Fly out, F8 (Flyball, 78S, EV 91.9 MPH)
Batting: RHB Kevin Roseen 0-0: Foul Ball, location: 2F
0-1: Foul Ball, location: 2F
0-2: Ball
1-2: Foul Ball, location: 2F
1-2: Ball
2-2: Foul Ball, location: 2F
2-2: Ball
3-2: Base on Balls
Batting: RHB Mike Sebastian 0-0: Swinging Strike
0-1: Swinging Strike
0-2: Strikes out looking
Batting: LHB Phil Gould 0-0: Ball
1-0: Fielders Choice at 2nd, 6-4 (Groundball, 6, EV 84.4 MPH)
Bottom of the 2nd over - 0 runs, 0 hits, 0 errors, 1 left on base; Vanderbilt University 2 - University of South Carolina 0
TOP OF THE 3RD
Vanderbilt University Commodores batting - Pitching for University of South Carolina Gamecocks : RHP Tim Tucker
Batting: LHB Cesar Arteaga 0-0: Swinging Strike
0-1: SINGLE (Line Drive, 8RS, EV 108.1 MPH)
Batting: LHB Kenny Gerrity 0-0: Ball
1-0: Fly out, F4 (Popup, 4S, EV 83.1 MPH)
Batting: LHB Dave Reyes 0-0: Swinging Strike
0-1: Ball
1-1: Fielders Choice at 2nd, 6-4 (Groundball, 6M, EV 83.1 MPH)
Batting: RHB Dieter Knoops 0-0: Ball
1-0: Swinging Strike
1-1: Swinging Strike
1-2: Ball
2-2: Ball
3-2: Foul Ball, location: 2F
3-2: Base on Balls
Dave Reyes to second
Batting: LHB Justin Moore 0-0: Ball
1-0: Called Strike
1-1: Ball
2-1: Fly out, F2 (Popup, 2LF, EV 90.6 MPH)
Top of the 3rd over - 0 runs, 1 hit, 0 errors, 2 left on base; Vanderbilt University 2 - University of South Carolina 0
BOTTOM OF THE 3RD
University of South Carolina Gamecocks batting - Pitching for Vanderbilt University Commodores : RHP Joe Bradford
Batting: RHB Jesus Santiago 0-0: Called Strike
0-1: Ball
1-1: Swinging Strike
1-2: Strikes out swinging
Batting: RHB Tim Tucker 0-0: Ball
1-0: Foul Ball, location: 2F
1-1: Ground out 3-1 (Groundball, 13, EV 85.6 MPH)
Batting: RHB Lucan Esini 0-0: Ball
1-0: Ball
2-0: Fly out, F3 (Popup, 34, EV 70.6 MPH)
Bottom of the 3rd over - 0 runs, 0 hits, 0 errors, 0 left on base; Vanderbilt University 2 - University of South Carolina 0
TOP OF THE 4TH
Vanderbilt University Commodores batting - Pitching for University of South Carolina Gamecocks : RHP Tim Tucker
Batting: RHB Antonio Santos 0-0: Ball
1-0: Ground out 1-3 (Groundball, P, EV 66.9 MPH)
Batting: RHB Moritake Fukumoto 0-0: Fly out, F8 (Flyball, 8LXD, EV 89.4 MPH)
Batting: LHB Mike Thomas 0-0: Fly out, F4 (Popup, 4, EV 68.1 MPH)
Top of the 4th over - 0 runs, 0 hits, 0 errors, 0 left on base; Vanderbilt University 2 - University of South Carolina 0
BOTTOM OF THE 4TH
University of South Carolina Gamecocks batting - Pitching for Vanderbilt University Commodores : RHP Joe Bradford
Batting: RHB Scott Dove 0-0: Ball
1-0: Called Strike
1-1: Fly out, F9 (Flyball, 9S, EV 93.1 MPH)
Batting: RHB John Paredes 0-0: Ball
1-0: Ball
2-0: Ground out 5-3 (Groundball, 5S, EV 81.3 MPH)
Batting: RHB Billy Grubbs 0-0: Ball
1-0: Foul Ball, location: 2F
1-1: SOLO HOME RUN (Line Drive, 7LD, EV 108.8 MPH), Distance : 393 ft
Batting: RHB Kevin Roseen 0-0: Ground out 6-3 (Groundball, 6, EV 105.6 MPH)
Bottom of the 4th over - 1 run, 1 hit, 0 errors, 0 left on base; Vanderbilt University 2 - University of South Carolina 1
TOP OF THE 5TH
Vanderbilt University Commodores batting - Pitching for University of South Carolina Gamecocks : RHP Tim Tucker
Batting: RHB Joe Bradford 0-0: Foul Ball, location: 2F
0-1: Ball
1-1: Foul Ball, location: 2F
1-2: Foul Ball, location: 2F
1-2: DOUBLE (Line Drive, 5D, EV 108.1 MPH)
Pitching: RHP Joe Larson
Batting: LHB Cesar Arteaga 0-0: Ball
1-0: Ball
2-0: Ball
3-0: Base on Balls
Pitching: LHP Kevin Vangsness
Batting: LHB Kenny Gerrity 0-0: Ball
1-0: Foul Ball, location: 2F
1-1: Swinging Strike
1-2: Foul Ball, location: 2F
1-2: Strikes out looking
Batting: LHB Dave Reyes 0-0: Foul Ball, location: 2F
0-1: Ball
1-1: Swinging Strike
1-2: Strikes out looking
Batting: RHB Dieter Knoops 0-0: Foul Ball, location: 2F
0-1: Ball
1-1: Ball
2-1: Ground out 4-3 (Groundball, 4, EV 106.3 MPH)
Top of the 5th over - 0 runs, 1 hit, 0 errors, 2 left on base; Vanderbilt University 2 - University of South Carolina 1
BOTTOM OF THE 5TH
University of South Carolina Gamecocks batting - Pitching for Vanderbilt University Commodores : RHP Joe Bradford
Batting: RHB Mike Sebastian 0-0: Called Strike
0-1: Swinging Strike
0-2: Strikes out swinging, 2-3 out at first.
Batting: LHB Phil Gould 0-0: Ball
1-0: Ball
2-0: Called Strike
2-1: Fly out, F9 (Flyball, 9D, EV 88.8 MPH)
Batting: RHB Jesus Santiago 0-0: Called Strike
0-1: Ball
1-1: Swinging Strike
1-2: Ball
2-2: Ball
3-2: Fly out, F5 (Popup, 5F, EV 69.4 MPH)
Bottom of the 5th over - 0 runs, 0 hits, 0 errors, 0 left on base; Vanderbilt University 2 - University of South Carolina 1
TOP OF THE 6TH
Vanderbilt University Commodores batting - Pitching for University of South Carolina Gamecocks : LHP Kevin Vangsness
Batting: LHB Justin Moore 0-0: Ball
1-0: Swinging Strike
1-1: Ball
2-1: Ball
3-1: Foul Ball, location: 2F
3-2: Base on Balls
Batting: RHB Antonio Santos 0-0: Called Strike
0-1: Ball
1-1: Ball
2-1: SINGLE (Groundball, 4MD, EV 106.3 MPH)
Justin Moore to second
Batting: RHB Moritake Fukumoto 0-0: Fly out, F9 (Line Drive, 9D, EV 92.5 MPH)
Runner from 2nd tags up, SAFE at 3rd with throw by RF
Batting: LHB Mike Thomas 0-0: Ball
1-0: Ball
2-0: Called Strike
2-1: Grounds into double play, 4-6-3 (Groundball, 34, EV 103.1 MPH)
Top of the 6th over - 0 runs, 1 hit, 0 errors, 1 left on base; Vanderbilt University 2 - University of South Carolina 1
BOTTOM OF THE 6TH
University of South Carolina Gamecocks batting - Pitching for Vanderbilt University Commodores : RHP Joe Bradford
Pinch Hitting: LHB Joel Vera 0-0: Foul Ball, location: 2F
0-1: Ball
1-1: Ball
2-1: Ball
3-1: Base on Balls
Batting: RHB Lucan Esini 0-0: Grounds into double play, 6-4-3 (Groundball, 6, EV 101.3 MPH)
Batting: RHB Scott Dove 0-0: Ball
1-0: Foul Ball, location: 2F
1-1: Foul Ball, location: 2F
1-2: Foul Ball, location: 2F
1-2: Strikes out swinging
Bottom of the 6th over - 0 runs, 0 hits, 0 errors, 0 left on base; Vanderbilt University 2 - University of South Carolina 1
TOP OF THE 7TH
Vanderbilt University Commodores batting - Pitching for University of South Carolina Gamecocks : LHP Kevin Vangsness
Pitching: RHP Ray Leuthauser
Batting: RHB Joe Bradford 0-0: Foul Ball, location: 2F
0-1: Ball
1-1: Ball
2-1: Called Strike
2-2: Ball
3-2: Base on Balls
Batting: LHB Cesar Arteaga 0-0: Ball
1-0: Called Strike
1-1: Ball
2-1: Called Strike
2-2: Ball
3-2: Base on Balls
Joe Bradford to second
Batting: LHB Kenny Gerrity 0-0: Ball
1-0: Ball
2-0: Called Strike
2-1: Foul Ball, location: 2F
2-2: Ball
3-2: Foul Ball, location: 2F
3-2: Base on Balls
Joe Bradford to third
Cesar Arteaga to second
Batting: LHB Dave Reyes 0-0: Foul Ball, location: 2F
0-1: Foul Ball, location: 2F
0-2: GRAND SLAM HOME RUN (Flyball, 9D, EV 96.9 MPH), Distance : 358 ft
Pitching: RHP Sam Wilson
Batting: RHB Dieter Knoops 0-0: Foul Ball, location: 2F
0-1: Called Strike
0-2: Ball
1-2: Foul Ball, location: 2F
1-2: Ball
2-2: Foul Ball, location: 2F
2-2: Foul Ball, location: 2F
2-2: Ball
3-2: Fly out, F8 (Flyball, 89M, EV 74.4 MPH)
Batting: LHB Justin Moore 0-0: Ball
1-0: Swinging Strike
1-1: Ball
2-1: Foul Ball, location: 2F
2-2: Foul Ball, location: 2F
2-2: Foul Ball, location: 2F
2-2: Foul Ball, location: 2F
2-2: Fly out, F7 (Flyball, 7D, EV 88.8 MPH)
Batting: RHB Antonio Santos 0-0: Fly out, F9 (Flyball, 89D, EV 95.0 MPH)
Top of the 7th over - 4 runs, 1 hit, 0 errors, 0 left on base; Vanderbilt University 6 - University of South Carolina 1
BOTTOM OF THE 7TH
University of South Carolina Gamecocks batting - Pitching for Vanderbilt University Commodores : RHP Joe Bradford
Batting: RHB John Paredes 0-0: Called Strike
0-1: Ball
1-1: Ball
2-1: Ball
3-1: Base on Balls
Pitching: RHP Mike Messer
Batting: RHB Billy Grubbs 0-0: Swinging Strike
0-1: Swinging Strike
0-2: Ball
1-2: Ball
2-2: Grounds into double play, 6-4-3 (Groundball, 6, EV 103.8 MPH)
Batting: RHB Kevin Roseen 0-0: Fly out, F3 (Popup, 23F, EV 90.0 MPH)
Bottom of the 7th over - 0 runs, 0 hits, 0 errors, 0 left on base; Vanderbilt University 6 - University of South Carolina 1
TOP OF THE 8TH
Vanderbilt University Commodores batting - Pitching for University of South Carolina Gamecocks : RHP Sam Wilson
Batting: RHB Moritake Fukumoto 0-0: Fly out, F7 (Flyball, 78D, EV 93.8 MPH)
Batting: LHB Mike Thomas 0-0: Called Strike
0-1: Called Strike
0-2: Ball
1-2: Foul Ball, location: 2F
1-2: Ball
2-2: Strikes out swinging
Pinch Hitting: RHB Gary Ming 0-0: Foul Ball, location: 2F
0-1: SINGLE (Groundball, P, EV 90.6 MPH) (infield hit)
Batting: LHB Cesar Arteaga 0-0: Ball
1-0: Called Strike
1-1: Called Strike
1-2: Strikes out swinging
Top of the 8th over - 0 runs, 1 hit, 0 errors, 1 left on base; Vanderbilt University 6 - University of South Carolina 1
BOTTOM OF THE 8TH
University of South Carolina Gamecocks batting - Pitching for Vanderbilt University Commodores : RHP Mike Messer
Pitching: RHP Chris Thorson
Batting: RHB Mike Sebastian 0-0: Ball
1-0: Foul Ball, location: 2F
1-1: Called Strike
1-2: Foul Ball, location: 2F
1-2: Ball
2-2: Ground out 5-3 (Groundball, 56S, EV 91.9 MPH)
Batting: LHB Phil Gould 0-0: Called Strike
0-1: Ball
1-1: Ball
2-1: Ball
3-1: Base on Balls
Batting: RHB Jesus Santiago 0-0: Called Strike
0-1: Foul Ball, location: 2F
0-2: SINGLE (Line Drive, 9LS, EV 93.8 MPH)
Phil Gould to second
Pinch Hitting: RHB Mitch Cuadros 0-0: Called Strike
0-1: SINGLE (Groundball, 5D, EV 106.9 MPH)
Phil Gould to third
Jesus Santiago to second
Batting: RHB Lucan Esini 0-0: Ball
1-0: Called Strike
1-1: Swinging Strike
1-2: Ball
2-2: Fly out, F8 (Flyball, 8RM, EV 95.6 MPH)
Runner from 3rd tags up, SCORES, throw by CF
Jesus Santiago to third
Batting: RHB Scott Dove 0-0: Called Strike
0-1: Ground out 1-3 (Groundball, 13S, EV 67.5 MPH)
Bottom of the 8th over - 1 run, 2 hits, 0 errors, 2 left on base; Vanderbilt University 6 - University of South Carolina 2
TOP OF THE 9TH
Vanderbilt University Commodores batting - Pitching for University of South Carolina Gamecocks : RHP Sam Wilson
Pitching: RHP Jeremy Langland
Batting: LHB Kenny Gerrity 0-0: Ball
1-0: Called Strike
1-1: Foul Ball, location: 2F
1-2: Fly out, F8 (Flyball, 78D, EV 86.9 MPH)
Batting: LHB Dave Reyes 0-0: Called Strike
0-1: Ball
1-1: Called Strike
1-2: Ball
2-2: Foul Ball, location: 2F
2-2: Ground out 6-3 (Groundball, P, EV 80.0 MPH)
Batting: RHB Dieter Knoops 0-0: Ball
1-0: Swinging Strike
1-1: SINGLE (Groundball, 56D, EV 95.0 MPH)
Batting: LHB Justin Moore 0-0: Ball
1-0: Ball
2-0: Ball
3-0: Base on Balls
Dieter Knoops to second
Batting: RHB Antonio Santos 0-0: Ball
1-0: Swinging Strike
1-1: Ball
2-1: Ground out U3 (Groundball, 34, EV 79.4 MPH)
Top of the 9th over - 0 runs, 1 hit, 0 errors, 2 left on base; Vanderbilt University 6 - University of South Carolina 2
BOTTOM OF THE 9TH
University of South Carolina Gamecocks batting - Pitching for Vanderbilt University Commodores : RHP Chris Thorson
Batting: RHB John Paredes 0-0: Fly out, F8 (Flyball, 8RS, EV 90.6 MPH)
Batting: RHB Billy Grubbs 0-0: Foul Ball, location: 2F
0-1: Ball
1-1: Foul Ball, location: 2F
1-2: Ground out 6-3 (Groundball, 6, EV 91.9 MPH)
Batting: RHB Kevin Roseen 0-0: Called Strike
0-1: Ground out 6-3 (Groundball, 6S, EV 86.3 MPH)
Bottom of the 9th over - 0 runs, 0 hits, 0 errors, 0 left on base; Vanderbilt University 6 - University of South Carolina 2
Wednesday, June 22nd , 2022 - OOTP Baseball 23.4 Build 64